 Dungeon Crawl Stone Soup version 0.26-a0-542-gbaa144ba5c (webtiles) character file.

Game seed: 291660890223582345

7973 GeoCrane the Severer (level 11, -5/102 HPs)
             Began as a Hill Orc Berserker on Aug 18, 2020.
             Was a High Priest of Trog.
             Slain by a purple very ugly thing (12 damage)
             ... on level 3 of the Abyss.
             The game lasted 01:23:16 (11043 turns).

GeoCrane the Severer (Hill Orc Berserker)          Turns: 11043, Time: 01:23:17

Health: -5/102     AC: 21    Str: 24    XL:     11   Next: 23%
Magic:  11/11      EV:  9    Int:  5    God:    Trog [*****.]
Gold:   74         SH:  3    Dex: 10    Spells: 10/10 levels left

rFire    . . .     SeeInvis +   a - +2 war axe (flame)
rCold    . . .     Faith    +   k - +0 buckler
rNeg     + . .     Spirit   .   m - +5 pearl dragon scales "Qokk" {+Inv rPois rN+ Regen+ Int-2}
rPois    +         Reflect  .   l - +0 helmet
rElec    .         Harm     .   (no cloak)
rCorr    .         Rnd*Rage +   s - +1 pair of gloves
MR       +....                  (no boots)
Stlth    ..........             A - amulet of faith
HPRegen  0.00/turn              u - ring of protection from magic
MPRegen  0.12/turn              p - ring of see invisible

@: about to teleport, non-regenerating, diseased
A: berserk 1
a: Berserk, Trog's Hand, Brothers in Arms, Renounce Religion, Evoke Invisibility


You were on level 3 of the Abyss.
You worshipped Trog.
Trog was extremely pleased with you.
You visited 1 branch of the dungeon, and saw 9 of its levels.
You visited the Abyss 1 time.
You also visited: Sewer.

You collected 614 gold pieces.
You spent 540 gold pieces at shops.

Inventory:

Hand Weapons
 a - a +2 war axe of flaming (weapon)
 b - a +3 hunting sling
 H - a +1 vampiric hand axe
Missiles
 c - a throwing net
 C - 20 poisoned darts (quivered)
 K - 67 stones
Armour
 k - a +0 buckler (worn)
 l - a +0 helmet (worn)
 m - the +5 pearl dragon scales "Qokk" (worn) {+Inv rPois rN+ Regen+ Int-2}
   (You found it on level 7 of the Dungeon)

   It affects your intelligence (-2).
   It protects you from poison.
   It protects you from negative energy.
   It lets you turn invisible.
   It increases your rate of regeneration.
 r - the +5 chain mail of Zeterghiy {Harm}
   (You found it on level 3 of the Abyss)

   It increases damage dealt and taken.
 s - a +1 pair of gloves (worn)
 B - a +0 plate armour
Jewellery
 p - a ring of see invisible (right hand)
 q - an uncursed ring of resist corrosion
 u - a ring of protection from magic (left hand)
 z - an uncursed amulet of the acrobat
 A - an amulet of faith (around neck)
Wands
 D - a wand of iceblast (10)
 E - a wand of acid (11)
 F - a wand of flame (11)
 G - a wand of paralysis (10)
Scrolls
 d - 2 scrolls of enchant armour
 e - 2 scrolls of fear
 g - 8 scrolls of teleportation
 i - 5 scrolls of remove curse
 t - 2 scrolls of immolation
 v - a scroll of amnesia
 y - 2 scrolls of fog
Potions
 f - 2 potions of might
 h - 5 potions of curing
 j - 3 potions of heal wounds
 n - 2 potions of lignification
 o - a potion of magic {unknown}
 w - 3 potions of flight
 x - 5 potions of invisibility
 I - a potion of cancellation


   Skills:
 + Level 11.3 Fighting
 - Level 16.4 Axes
 * Level 6.8 Armour
 - Level 1.5 Dodging


You had 10 spell levels left.
You didn't know any spells.
Your spell library was empty.

Dungeon Overview and Level Annotations

Branches:
Dungeon (9/15)             Temple (0/1) D:4           Sewer (visited)
   Lair: D:8-11         Orc: D:9-12

Altars:
Cheibriados
Fedhas
Gozag
Kikubaaqudgha
Xom

Shops:
D:6 =?[}

Annotations:
D:2 1 runed translucent door, Crazy Yiuf
D:3 3 runed translucent doors, sanka's ghost, amateur DrMo
D:7 5 runed translucent doors
D:8 Psyche
Abyss:3 4 runed translucent doors


Innate Abilities, Weirdness & Mutations

You tend to lose your temper in combat.


Message History

You feel ill. The smoke demon gestures at you. The ball of steam misses you.
Found a scroll of teleportation.
g - 9 scrolls of teleportation (gained 1)
As you read the scroll of teleportation, it crumbles to dust.
You feel strangely unstable.
You feel the power of the Abyss delaying your translocation!
The smoke demon gestures at you. Something smites you!
* * * LOW HITPOINT WARNING * * *
The purple very ugly thing gores you!
* * * LOW HITPOINT WARNING * * *
A lurking horror comes into view.
Found a scroll of fog.
Press: ? - help, v - describe, . - travel
Here: a purple very ugly thing The floor.
You fail to use your ability.
The purple very ugly thing gores you!
You die...

.#.##
##.#x.§## ...
#.. #§#### ..
#... ....# #
#. ###X..#
...##.#3.#.#
.###.#....# .
#.####x.#...##
#..#u##.###..
#§.@..###
#...#..##.#
#.. #.#.. #..
. ....... ...
.....*... #..#
....#.......
..#
...###...#≈.#
.. ...
...?.≈≈.


You could see a starcursed mass, a purple very ugly thing, an ancient zyme, a
smoke demon and a lurking horror.

Vanquished Creatures
  An unseen horror (D:6)
  Pikel (D:7)
  Joseph (D:8)
  A kobold demonologist (D:8)
  A tengu conjurer (D:8)
  2 hippogriffs (D:7)
  Prince Ribbit (D:8)
  A small abomination (Abyss:2)
  9 yaks (D:8)
  A wyvern (D:8)
  2 sky beasts
  2 ice beasts
  An orc warrior (D:6)
  A phantom (D:6)
  8 ogres
  4 lemures
  2 big kobolds
  2 centaurs
  A gnoll sergeant (D:6)
  7 bullfrogs
  A water moccasin zombie (D:7)
  2 scorpions (D:7)
  4 killer bees (D:8)
  3 howler monkeys
  A bullfrog zombie (D:5)
  2 hounds
  A jelly (D:8)
  An orc priest (D:7)
  4 orc wizards
  A bullfrog skeleton (D:7)
  Jessica (D:3)
  Terence (D:2)
  3 iguanas
  4 worker ants
  A hound zombie (D:6)
  7 gnolls
  8 adders
  3 shadow imps
  A white imp (D:7)
  2 ufetubi
  3 oozes
  An adder skeleton (D:6)
  4 worms
  4 dart slugs
  9 leopard geckos
  12 orcs
  12 bats
  4 giant cockroaches
  13 goblins
  8 hobgoblins
  10 jackals
  28 kobolds
  3 quokkas
  4 ball pythons
  7 frilled lizards
  A giant cockroach zombie (D:5)
  A quokka zombie (D:5)
  5 rats
229 creatures vanquished.

Vanquished Creatures (collateral kills)
  Harold (D:8)
  Maggie (D:7)
  A bullfrog (D:8)
  A killer bee (D:8)
4 creatures vanquished.

Vanquished Creatures (others)
  A plant (D:4)
1 creature vanquished.

Grand Total: 234 creatures vanquished

Notes
Turn   | Place    | Note
-------+----------+-------------------------------------------
     0 | D:1      | GeoCrane the Hill Orc Berserker began the quest for the
                  | Orb.
     0 | D:1      | Reached XP level 1. HP: 19/19 MP: 1/1
   122 | D:1      | Reached XP level 2. HP: 27/27 MP: 2/2
   792 | D:2      | Noticed Terence
   865 | D:2      | Reached skill level 5 in Axes
   870 | D:2      | Reached XP level 3. HP: 20/33 MP: 3/3
  1230 | D:2      | Found a snail-covered altar of Cheibriados.
  1328 | D:2      | Reached ** piety under Trog
  1746 | D:2      | Reached XP level 4. HP: 41/41 MP: 4/4
  1789 | D:2      | Killed Terence
  1789 | D:2      | Reached skill level 6 in Axes
  2046 | D:2      | Found a shimmering altar of Xom.
  2098 | D:2      | Found a runed translucent door.
  2099 | D:2      | Noticed Crazy Yiuf
  2432 | D:3      | Reached XP level 5. HP: 29/47 MP: 5/5
  2840 | D:3      | Reached skill level 5 in Fighting
  3093 | D:3      | Found a runed translucent gate.
  3094 | D:3      | Found a runed translucent gate.
  3094 | D:3      | Found an opulent altar of Gozag.
  3094 | D:3      | Found a runed translucent gate.
  3096 | D:3      | Noticed a two-headed ogre
  3096 | D:3      | Noticed sanka's ghost (amateur DrMo)
  3402 | D:3      | Reached skill level 7 in Axes
  3535 | D:3      | Noticed Jessica
  3544 | D:3      | Killed Jessica
  3733 | D:4      | Reached XP level 6. HP: 56/56 MP: 6/6
  3813 | D:4      | Found a glowing drain.
  3827 | D:4      | Reached *** piety under Trog
  3840 | Sewer    | Entered a sewer
  4338 | D:4      | Reached skill level 8 in Axes
  4586 | D:4      | Found a staircase to the Ecumenical Temple.
  5046 | D:4      | Reached XP level 7. HP: 40/63 MP: 7/7
  5734 | D:5      | Entered Level 5 of the Dungeon
  5740 | D:5      | Reached **** piety under Trog
  5756 | D:5      | Reached skill level 9 in Axes
  6399 | D:5      | Reached skill level 10 in Axes
  6399 | D:5      | Reached XP level 8. HP: 51/73 MP: 8/8
  6538 | D:5      | Found an ancient bone altar of Kikubaaqudgha.
  6544 | D:5      | Found a blossoming altar of Fedhas.
  7050 | D:5      | Reached skill level 11 in Axes
  7516 | D:6      | Found Kogiq's Magic Scroll Shop.
  7524 | D:6      | Bought a scroll of identify for 20 gold pieces
  7612 | D:6      | Found Vomiha Oderi's Jewellery Shop.
  7644 | D:6      | Found Hoewneol's Armour Shop.
  7762 | D:6      | Reached skill level 12 in Axes
  7808 | D:6      | Noticed an unseen horror
  8021 | D:6      | Found Rinn's Gadget Emporium.
  8027 | D:6      | Reached XP level 9. HP: 60/82 MP: 9/9
  8257 | D:6      | Killed an unseen horror
  8257 | D:6      | Reached skill level 13 in Axes
  8397 | D:7      | Reached ***** piety under Trog
  8612 | D:6      | Bought a scroll of acquirement for 520 gold pieces
  8612 | D:6      | Acquired 910 gold pieces
  8755 | D:7      | Noticed Pikel
  9162 | D:7      | Killed Pikel
  9162 | D:7      | Reached skill level 10 in Fighting
  9162 | D:7      | Reached skill level 14 in Axes
  9308 | D:7      | Got distressingly furry pearl dragon scales
  9319 | D:7      | Identified the +5 pearl dragon scales "Qokk" {+Inv rPois
                  | rN+ Regen+ Int-2} (You found it on level 7 of the Dungeon)
  9365 | D:7      | Reached XP level 10. HP: 94/94 MP: 10/10
  9463 | D:7      | Found a runed translucent gate.
  9467 | D:7      | Found a runed translucent gate.
  9467 | D:7      | Found a runed translucent door.
  9486 | D:7      | Found the +9 staff of Olgreb {rPois∞}
  9489 | D:7      | Found a runed translucent door.
  9566 | D:7      | Found a runed translucent gate.
  9688 | D:7      | Reached skill level 5 in Armour
  9948 | D:7      | Noticed Maggie
  9957 | D:7      | Killed Maggie
 10286 | D:8      | Noticed Harold
 10288 | D:8      | Noticed a kobold demonologist
 10291 | D:8      | Killed Harold
 10292 | D:8      | Gained mutation: You tend to lose your temper in combat. [a
                  | neqoxec]
 10300 | D:8      | Killed a kobold demonologist
 10307 | D:8      | Reached skill level 15 in Axes
 10311 | D:8      | Noticed Prince Ribbit
 10315 | D:8      | Killed Prince Ribbit
 10377 | D:8      | Reached XP level 11. HP: 91/102 MP: 11/11
 10435 | D:8      | Reached skill level 16 in Axes
 10509 | D:8      | Noticed Joseph
 10536 | D:8      | Killed Joseph
 10628 | D:8      | Noticed Psyche
 10840 | D:8      | Cast into level 2 of the Abyss (Psyche)
 10940 | Abyss:2  | Noticed a tentacled starspawn
 10952 | Abyss:3  | Got a glimmering chain mail
 10963 | Abyss:3  | Identified the +5 chain mail of Zeterghiy {Harm} (You found
                  | it on level 3 of the Abyss)
 10991 | Abyss:3  | Found a runed translucent door.
 10996 | Abyss:3  | Found a runed translucent gate.
 10996 | Abyss:3  | Found a runed translucent gate.
 10996 | Abyss:3  | Found a runed translucent gate.
 11009 | Abyss:3  | Noticed a purple very ugly thing
 11009 | Abyss:3  | Noticed a purple very ugly thing
 11010 | Abyss:3  | Noticed a purple ugly thing
 11017 | Abyss:3  | Noticed a starcursed mass
 11043 | Abyss:3  | Slain by a purple very ugly thing

Illustrated notes

Levels and vault maps discovered:
D:1:      lightli_arrival_quake, layout_basic
D:2:      cheibrodos_greedy_goblins, layout_basic, kennysheep_slug_shrine,
          brannock_xom_greatest_gift, uniq_terence, uniq_crazy_yiuf_cottage
D:3:      layout_loops_corners, ebering_ghost_gozag, serial_aquarium,
          aquarium_bridge_straight [aquarium_subvault_bridge,
          aquarium_subvault_wall, aquarium_subvault_bridge,
          aquarium_subvault_wall], aquarium_window_2, aquarium_window_corner,
          aquarium_view_4, aquarium_view_2c, aquarium_balcony_5a, uniq_jessica
D:4:      kennysheep_kobold_camp, layout_loops_ring,
          minmay_temple_entry_junction, gup_sewer_entry_pipe
D:5:      layout_cave_pools, grunt_temple_overflow_growth_and_decay,
          amethyst_killhole, minmay_misc_feat_tower, corexii_corridor_pit
D:6:      minmay_angry_zag, layout_rooms, serial_shops, shop, shop, shop,
          nicolae_shop_behind_doors
D:7:      layout_gridville, minmay_guarded_unrand_staff_of_olgreb, uniq_pikel,
          uniq_maggie
D:8:      layout_loops_ring, kb_rosetta, uniq_joseph, uniq_psyche,
          uniq_prince_ribbit1, uniq_harold
D:9:      layout_loops_ring, lemuel_coloured_pillars_altar, david_orc_5
Abyss:3:  base:
D:7

Skill      XL: |  1  2  3  4  5  6  7  8  9 10 11 |
---------------+----------------------------------+-----
Fighting       | 4 5 6 7 8 10 11 | 11.3
Axes           | 5 6 7 8 10 12 14 15 16 | 16.4
Armour         | 3 6 |  6.8
Dodging        | |  1.5

Action                   |  1- 3 |  4- 6 |  7- 9 | 10-12 || total
-------------------------+-------+-------+-------+-------++-------
Melee: Hand axe          |   124 |   309 |   433 |    89 ||   955
       War axe           |       |       |       |   107 ||   107
 Fire: Hunting sling     |       |       |       |    12 ||    12
Throw: Throwing net      |       |     1 |       |       ||     1
       Dart              |       |       |    34 |     9 ||    43
Invok: Berserk           |       |       |     2 |       ||     2
       Brothers in Arms  |       |       |       |     2 ||     2
       Trog's Hand       |       |       |       |     1 ||     1
Evoke: Wand              |       |       |     4 |     2 ||     6
  Use: Scroll            |       |       |     9 |    15 ||    24
Armor: Animal skin       |    23 |     6 |       |       ||    29
       Chain mail        |       |   153 |       |       ||   153
       Plate armour      |       |     4 |   201 |       ||   205
       Pearl dragon scal |       |       |     3 |    82 ||    85
Dodge: Dodged            |    77 |    92 |    97 |    61 ||   327
Block: Buckler           |     3 |    35 |    44 |    20 ||   102

Table legend: (Time is in decaauts)
 A = Elapsed time spent in this place.
 B = Non-inter-level travel time spent in this place.
 C = Inter-level travel time spent in this place.
 D = Time resting spent in this place.
 E = Time spent auto-exploring this place.
 F = Levels seen in this place.
 G = Mean time per level.
                   A        B        C        D        E       F      G
               +--------+--------+--------+--------+--------+-----+--------+
         Total |  11018 |  10649 |    369 |   1293 |   6902 |  12 |  918.2 |
       Dungeon |  10265 |   9896 |    369 |   1239 |   6478 |   9 | 1140.6 |
         Abyss |    201 |    201 |      0 |     54 |     45 |   2 |  100.5 |
         Sewer |    552 |    552 |      0 |      0 |    378 |   1 |  552.0 |
               +--------+--------+--------+--------+--------+-----+--------+

Top non-repeatable levels by time:
     D:2: 1878 daAuts
     D:4: 1803 daAuts
     D:5: 1613 daAuts
     D:7: 1456 daAuts
     D:6: 1194 daAuts
     D:3: 1065 daAuts
     D:1: 726 daAuts
   Sewer: 552 daAuts
     D:8: 525 daAuts
 Abyss:2: 102 daAuts
 Abyss:3: 98 daAuts
     D:9: 1 daAuts
